MapleLeafs vs Sabres

Created - Thursday, April 14, 2016 at 00:34

Goals
1 2 3 T
MapleLeafs 0 2 0 2
Sabres 1 1 3 5
Shots
1 2 3 T
MapleLeafs 5 13 9 27
Sabres 12 17 9 38

1st period

1. Sabres , Steven Stamkos 1 (Alec Martinez) at 4:52

Penalties :
Drew Doughty (Tor) for Roughing (Double Minor) at 6:56, Matt Bartkowski (Buf) for Hooking (Minor) at 14:22

2nd period

2. Sabres , Chris Higgins 1 (Brooks Orpik, Alex Pietrangelo) at 2:17 (SH)
3. MapleLeafs , Justin Williams 1 (Morgan Rielly) at 11:49
4. MapleLeafs , Mikko Koivu 1 (James van Riemsdyk, James Neal) at 17:27

Penalties :
David Perron (Buf) for Tripping (Minor) at 0:50, Steven Stamkos (Buf) for Goalie Interference (Minor) at 9:25, Matt Bartkowski (Buf) for Holding (Minor) at 18:51

3rd period

5. Sabres , Steven Stamkos 2 (Alec Martinez) at 1:37
6. Sabres , Benoit Pouliot 1 (Sidney Crosby, David Perron) at 2:09
7. Sabres , Sidney Crosby 1 (Steven Stamkos, Gustav Nyquist) at 2:32 (PP)

Penalties :
James Neal (Tor) for Hooking (Minor) at 2:21, James Neal (Tor) for Slashing (Minor) at 2:33, Steven Stamkos (Buf) for Holding (Minor) at 2:53, Dan Girardi (Tor) for Kneeing (Minor) at 10:58

Goalie Stats

Cory Schneider (Tor), 33 saves from 38 shots - (0.868), L, 0-1-0, 60:00 minutes
Ondrej Pavelec (Buf), 25 saves from 27 shots - (0.926), W, 1-0-0, 60:00 minutes

Players Stats for MapleLeafs

Player Name              G  A  P  +/- PIM S  H  SB GA TA FO     MP     PP MP  PK MP  
------------------------------------------------------------------------------------
Bobby Ryan               0  0  0   0  0   2  1  0  3  0  0/0    16:50   3:42   1:34 
Brandon Prust            0  0  0  -1  0   0  1  0  0  0  0/0     8:14   0:00   0:47 
Brandon Sutter           0  0  0   0  0   1  0  0  2  1  6/16   18:45   3:42   3:29 
Dainius Zubrus           0  0  0   1  0   1  0  0  2  0  4/6    12:45   0:20   0:42 
Dan Girardi              0  0  0  -2  2   1  2  2  0  0  0/0    19:39   0:00   2:28 
Dominic Moore            0  0  0   1  0   2  0  0  1  0  0/0    13:47   0:00   3:54 
Drew Doughty             0  0  0  -2  4   0  0  2  0  1  0/0    25:48   5:16   1:52 
Erik Gudbranson          0  0  0   1  0   1  0  2  0  0  0/0    16:01   0:00   3:18 
James Neal               0  1  1  -2  4   0  3  0  3  1  0/1    19:25   4:34   0:00 
James van Riemsdyk       0  1  1  -2  0   1  1  0  2  1  0/0    17:59   4:14   0:00 
Jeff Skinner             0  0  0  -1  0   4  0  0  2  0  0/0     7:27   0:00   0:00 
Justin Williams          1  0  1   1  0   2  0  1  3  0  0/1    12:31   0:20   1:50 
Karl Alzner              0  0  0  -1  0   0  1  0  0  4  0/0    20:51   3:00   2:40 
Marc-Edouard Vlasic      0  0  0   0  0   0  3  0  0  0  0/0    24:43   5:36   2:40 
Mikko Koivu              1  0  1  -2  0   5  0  2  0  0  9/24   19:32   4:14   0:00 
Morgan Rielly            0  1  1   0  0   0  0  0  0  2  0/0    14:16   2:40   0:00 
Patrick Sharp            0  0  0   0  0   3  2  0  3  0  1/2    14:31   3:42   0:00 
Shawn Matthias           0  0  0  -1  0   4  1  0  0  0  4/8     8:44   0:00   0:42 

Players Stats for Sabres

Player Name              G  A  P  +/- PIM S  H  SB GA TA FO     MP     PP MP  PK MP  
------------------------------------------------------------------------------------
Alec Martinez            0  2  2   2  0   3  3  2  0  1  0/0    21:37   3:29   3:59 
Alex Pietrangelo         0  1  1   0  0   4  0  3  0  0  0/0    26:36   3:29   4:06 
Benoit Pouliot           1  0  1   1  0   2  0  0  1  1  0/0    14:08   2:36   0:00 
Boyd Gordon              0  0  0   1  0   0  0  0  2  1  6/13   13:09   0:00   4:14 
Brooks Orpik             0  1  1   0  0   2  2  2  0  4  0/0    20:32   0:00   4:06 
Chris Higgins            1  0  1   1  0   3  0  0  3  1  0/2    15:56   0:00   4:09 
David Perron             0  1  1   1  2   0  3  0  2  0  0/0    14:47   2:36   0:00 
Dwight King              0  0  0   0  0   1  0  1  0  0  0/0     7:45   0:11   0:00 
Gustav Nyquist           0  1  1   1  0   2  1  0  0  0  0/1    16:00   3:42   0:00 
Jay Bouwmeester          0  0  0   0  0   1  1  6  1  1  0/0    22:07   3:00   4:10 
Matt Bartkowski          0  0  0   2  4   2  2  0  1  0  0/0    12:49   0:00   0:00 
Matt Stajan              0  0  0  -1  0   0  1  1  0  0  0/0    12:24   0:00   4:02 
Pierre-Alexandre Parente 0  0  0   0  0   2  3  0  0  0  0/0    10:43   0:11   0:00 
Rasmus Ristolainen       0  0  0   0  0   1  2  2  0  0  0/0    16:54   3:00   0:11 
Ryan Kesler              0  0  0   1  0   3  0  0  1  1  7/11   15:10   2:36   0:00 
Sidney Crosby            1  1  2   1  0   7  1  0  4  0  12/17  16:31   3:42   0:00 
Steven Stamkos           2  1  3   0  4   5  0  0  4  0  0/0    16:50   3:41   0:00 
Vernon Fiddler           0  0  0  -1  0   0  0  0  1  2  9/14   16:02   0:11   4:07 

3 Stars

1 - Alec Martinez (Buf)
2 - Sidney Crosby (Buf)
3 - Steven Stamkos (Buf)

Power Play

MapleLeafs - 0 on 5 Attempt(s) - 0.00%
Sabres - 1 on 5 Attempt(s) - 20.00%

Penalty Kill

MapleLeafs - 4 on 5 Attempt(s) - 80.00% - Score 0 goal in Penalty Kill
Sabres - 5 on 5 Attempt(s) - 100.00% - Score 1 goal in Penalty Kill

Team Stat

MapleLeafs - Hits : 15 - Faceoff Wins : 24 - Blocked Shots : 9 - Penalty Minutes : 10
Sabres - Hits : 19 - Faceoff Wins : 34 - Blocked Shots : 17 - Penalty Minutes : 10

Official

Referees : Unknown
Linesman : Unknown

Game Notes

No Game Note

Finance

Level 1 -- Attendance: 6000 (100.00%) -- Ticket Income $450,000
Level 2 -- Attendance: 5000 (100.00%) -- Ticket Income $250,000
Level 3 -- Attendance: 1665 (83.25%) -- Ticket Income $58,275
Level 4 -- Attendance: 3375 (84.38%) -- Ticket Income $67,500
Luxury Box -- Attendance: 963 (96.30%) -- Ticket Income $173,340
Game was played at the HSBC Arena.
Total Attendance: 17003 (94.46%)
Total Ticket Income: $999,115
Other Income: $489,566
Total Income: $1,488,681

MapleLeafs

5 vs 5 Forward 
   Center                   Left Wing                Right Wing               Time % Phy DF OF 
 1 Mikko Koivu              James van Riemsdyk       James Neal               40     0   2  3  
 2 Brandon Sutter           Bobby Ryan               Patrick Sharp            30     1   2  2  
 3 Dainius Zubrus           Dominic Moore            Justin Williams          20     1   2  2  
 4 Shawn Matthias           Jeff Skinner             Brandon Prust            10     1   3  1  

5 vs 5 Defense 
   Defense                  Defense                                           Time % Phy DF OF 
 1 Drew Doughty             Dan Girardi                                       40     1   2  2  
 2 Marc-Edouard Vlasic      Karl Alzner                                       35     1   2  2  
 3 Morgan Rielly            Erik Gudbranson                                   25     1   2  2  
 4 Drew Doughty             Marc-Edouard Vlasic                               0      1   2  2  

PowerPlay Forward 
   Center                   Left Wing                Right Wing               Time % Phy DF OF 
 1 Mikko Koivu              James van Riemsdyk       James Neal               65     0   2  3  
 2 Brandon Sutter           Bobby Ryan               Patrick Sharp            35     0   2  3  

PowerPlay Defense
   Defense                  Defense                                           Time % Phy DF OF 
 1 Drew Doughty             Marc-Edouard Vlasic                               70     0   2  3  
 2 Morgan Rielly            Karl Alzner                                       30     0   2  3  

Penalty Kill 4 Players Forward 
   Center                   Wing                     Time % Phy DF OF 
 1 Brandon Sutter           Dominic Moore            70     0   5  0  
 2 Dainius Zubrus           Shawn Matthias           30     0   5  0  

Penalty Kill 4 Players Defense
   Defense                  Defense                  Time % Phy DF OF 
 1 Drew Doughty             Dan Girardi              65     0   5  0  
 2 Marc-Edouard Vlasic      Karl Alzner              35     0   5  0  

Penalty Kill - 3 Players Forward 
   Forward                                           Time % Phy DF OF 
 1 Dominic Moore                                     70     0   5  0  
 2 Brandon Sutter                                    30     0   5  0  

Penalty Kill - 3 Players Defense
   Defense                  Defense                  Time % Phy DF OF 
 1 Drew Doughty             Dan Girardi              65     0   5  0  
 2 Marc-Edouard Vlasic      Karl Alzner              35     0   5  0  

4 vs 4 Forward 
   Center                   Wing                     Time % Phy DF OF 
 1 Mikko Koivu              James Neal               65     0   2  3  
 2 Patrick Sharp            James van Riemsdyk       35     0   2  3  

4 vs 4 Defense
   Defense                  Defense                  Time % Phy DF OF 
 1 Drew Doughty             Dan Girardi              65     1   2  2  
 2 Marc-Edouard Vlasic      Karl Alzner              35     1   2  2  

Last Minutes Offensive
   Center                   Left Wing                Right Wing               Defense                  Defense                  
   Mikko Koivu              James van Riemsdyk       James Neal               Drew Doughty             Marc-Edouard Vlasic      

Last Minutes Defensive
   Center                   Left Wing                Right Wing               Defense                  Defense                  
   Mikko Koivu              James van Riemsdyk       James Neal               Drew Doughty             Marc-Edouard Vlasic      

Goaltenders
Starting : Cory Schneider           
Backup : Martin Jones             

Extra Forwards
Normal : Dainius Zubrus, Dominic Moore, Justin Williams - PP : Dainius Zubrus, Dominic Moore - PK : Justin Williams
Extra Defensemen
Normal : Morgan Rielly, Erik Gudbranson, Marc-Edouard Vlasic - PP : Morgan Rielly - PK : Erik Gudbranson, Marc-Edouard Vlasic
Penalty Shots
Mikko Koivu, James van Riemsdyk, James Neal, Brandon Sutter, Bobby Ryan

Sabres

5 vs 5 Forward 
   Center                   Left Wing                Right Wing               Time % Phy DF OF 
 1 Sidney Crosby            Benoit Pouliot           David Perron             34     0   2  3  
 2 Ryan Kesler              Gustav Nyquist           Steven Stamkos           34     0   2  3  
 3 Vernon Fiddler           Chris Higgins            Pierre-Alexandre Parentea23     1   2  2  
 4 Boyd Gordon              Dwight King              Matt Stajan              9      2   3  0  

5 vs 5 Defense 
   Defense                  Defense                                           Time % Phy DF OF 
 1 Brooks Orpik             Alex Pietrangelo                                  35     1   2  2  
 2 Jay Bouwmeester          Rasmus Ristolainen                                30     1   3  1  
 3 Matt Bartkowski          Alec Martinez                                     25     3   2  0  
 4 Alex Pietrangelo         Jay Bouwmeester                                   10     0   2  3  

PowerPlay Forward 
   Center                   Left Wing                Right Wing               Time % Phy DF OF 
 1 Sidney Crosby            Gustav Nyquist           Steven Stamkos           57     0   0  5  
 2 Ryan Kesler              Benoit Pouliot           David Perron             43     0   1  4  

PowerPlay Defense
   Defense                  Defense                                           Time % Phy DF OF 
 1 Alec Martinez            Alex Pietrangelo                                  57     0   1  4  
 2 Rasmus Ristolainen       Jay Bouwmeester                                   43     1   1  3  

Penalty Kill 4 Players Forward 
   Center                   Wing                     Time % Phy DF OF 
 1 Boyd Gordon              Chris Higgins            50     2   3  0  
 2 Vernon Fiddler           Matt Stajan              50     1   4  0  

Penalty Kill 4 Players Defense
   Defense                  Defense                  Time % Phy DF OF 
 1 Brooks Orpik             Alex Pietrangelo         50     1   3  1  
 2 Alec Martinez            Jay Bouwmeester          50     2   3  0  

Penalty Kill - 3 Players Forward 
   Forward                                           Time % Phy DF OF 
 1 Boyd Gordon                                       50     1   4  0  
 2 Vernon Fiddler                                    50     1   4  0  

Penalty Kill - 3 Players Defense
   Defense                  Defense                  Time % Phy DF OF 
 1 Brooks Orpik             Alex Pietrangelo         50     2   2  1  
 2 Alec Martinez            Jay Bouwmeester          50     2   2  1  

4 vs 4 Forward 
   Center                   Wing                     Time % Phy DF OF 
 1 Sidney Crosby            Steven Stamkos           57     0   2  3  
 2 Ryan Kesler              Gustav Nyquist           43     1   2  2  

4 vs 4 Defense
   Defense                  Defense                  Time % Phy DF OF 
 1 Alec Martinez            Alex Pietrangelo         57     1   2  2  
 2 Rasmus Ristolainen       Jay Bouwmeester          43     1   2  2  

Last Minutes Offensive
   Center                   Left Wing                Right Wing               Defense                  Defense                  
   Sidney Crosby            Gustav Nyquist           Steven Stamkos           Alec Martinez            Alex Pietrangelo         

Last Minutes Defensive
   Center                   Left Wing                Right Wing               Defense                  Defense                  
   Boyd Gordon              Chris Higgins            Matt Stajan              Brooks Orpik             Alex Pietrangelo         

Goaltenders
Starting : Ondrej Pavelec           
Backup : Karri Ramo               

Extra Forwards
Normal : Vernon Fiddler, Matt Stajan, Boyd Gordon - PP : Pierre-Alexandre Parenteau, Vernon Fiddler - PK : Ryan Kesler
Extra Defensemen
Normal : Rasmus Ristolainen, Alec Martinez, Matt Bartkowski - PP : Brooks Orpik - PK : Matt Bartkowski, Rasmus Ristolainen
Penalty Shots
Gustav Nyquist, Sidney Crosby, Pierre-Alexandre Parenteau, Chris Higgins, Dwight King

% Time on Ice - MapleLeafs

Lines # - Real PCT - Wanted PCT - Time Play
Normal Forward
1 - 36% - 40% - 15:38
2 - 26% - 30% - 11:24
3 - 21% - 20% - 9:07
4 - 17% - 10% - 7:27
Normal Defense
1 - 39% - 40% - 16:57
2 - 33% - 35% - 14:27
3 - 26% - 25% - 11:23
4 - 2% - 0% - 0:49
PP Forward
1 - 55% - 65% - 4:34
2 - 45% - 35% - 3:42
PP Defense
1 - 64% - 70% - 5:16
2 - 36% - 30% - 3:00
PK Forward
1 - 89% - 70% - 5:47
2 - 11% - 30% - 0:42
PK Defense
1 - 59% - 65% - 3:49
2 - 41% - 35% - 2:40
PK3 Forward
1 - 0% - 70%
2 - 0% - 30%
PK3 Defense
1 - 0% - 65%
2 - 0% - 35%
44 Forward
1 - 100% - 65% - 1:39
2 - 0% - 35% - 0:00
44 Defense
1 - 56% - 65% - 0:55
2 - 44% - 35% - 0:44
Last Minute Offensive  - 0:00
Last Minute Defensive  - 0:00
Total
Forward - 60:00
Defense - 60:00

% Time on Ice - Sabres

Lines # - Real PCT - Wanted PCT - Time Play
Normal Forward
1 - 31% - 34% - 13:29
2 - 30% - 34% - 12:59
3 - 23% - 23% - 10:03
4 - 16% - 9% - 7:05
Normal Defense
1 - 38% - 35% - 16:31
2 - 32% - 30% - 13:54
3 - 28% - 25% - 12:14
4 - 2% - 10% - 0:57
PP Forward
1 - 60% - 57% - 3:53
2 - 40% - 43% - 2:36
PP Defense
1 - 54% - 57% - 3:29
2 - 46% - 43% - 3:00
PK Forward
1 - 51% - 50% - 4:14
2 - 49% - 50% - 4:02
PK Defense
1 - 50% - 50% - 4:06
2 - 50% - 50% - 4:10
PK3 Forward
1 - 0% - 50%
2 - 0% - 50%
PK3 Defense
1 - 0% - 50%
2 - 0% - 50%
44 Forward
1 - 100% - 57% - 1:39
2 - 0% - 43% - 0:00
44 Defense
1 - 94% - 57% - 1:33
2 - 6% - 43% - 0:06
Last Minute Offensive  - 0:00
Last Minute Defensive  - 0:00
Total
Forward - 60:00
Defense - 60:00

Play by Play

1st period


0:01 of 1st period - Sidney Crosby wins face-off versus Mikko Koivu in neutral zone.
0:47 of 1st period - Alex Pietrangelo is hit by James Neal and loses puck.
0:54 of 1st period - Dan Girardi is hit by Brooks Orpik and loses puck.
1:13 of 1st period - Icing by Dan Girardi.
1:14 of 1st period - Vernon Fiddler wins face-off versus Mikko Koivu in MapleLeafs zone.
1:15 of 1st period - Snap shot by Chris Higgins.
1:15 of 1st period - Stopped by Cory Schneider without a rebound.
1:16 of 1st period - Vernon Fiddler wins face-off versus Brandon Sutter in MapleLeafs zone.
1:17 of 1st period - Wrist shot by Chris Higgins.
1:17 of 1st period - Deflect By Pierre-Alexandre Parenteau.
1:17 of 1st period - Shot Misses the Net.
1:17 of 1st period - Puck is out of play.
1:18 of 1st period - Brandon Sutter wins face-off versus Vernon Fiddler in MapleLeafs zone.
1:22 of 1st period - Off-side.
1:23 of 1st period - Vernon Fiddler wins face-off versus Brandon Sutter in neutral zone.
1:32 of 1st period - Patrick Sharp is hit by Matt Bartkowski and loses puck.
1:51 of 1st period - Vernon Fiddler is hit by Karl Alzner and loses puck.
2:00 of 1st period - Vernon Fiddler is hit by Patrick Sharp and loses puck.
2:45 of 1st period - Snap shot by Steven Stamkos.
2:45 of 1st period - Shot Misses the Net.
2:51 of 1st period - Snap shot by Steven Stamkos.
2:51 of 1st period - Stopped by Cory Schneider without a rebound.
2:52 of 1st period - Sidney Crosby wins face-off versus Shawn Matthias in MapleLeafs zone.
3:12 of 1st period - Snap shot by Benoit Pouliot.
3:12 of 1st period - Stopped by Cory Schneider with a rebound.
3:14 of 1st period - Snap shot by Jay Bouwmeester.
3:14 of 1st period - Stopped by Cory Schneider with a rebound.
3:16 of 1st period - Backhand shot by Rasmus Ristolainen.
3:16 of 1st period - Deflect By Sidney Crosby.
3:16 of 1st period - Stopped by Cory Schneider with a rebound.
3:18 of 1st period - Wrist shot by Sidney Crosby.
3:18 of 1st period - Stopped by Cory Schneider with a rebound.
3:20 of 1st period - Slapshot by Jay Bouwmeester.
3:20 of 1st period - Shot Misses the Net.
3:22 of 1st period - Slapshot by Rasmus Ristolainen.
3:22 of 1st period - Shot Misses the Net.
3:24 of 1st period - Wrist shot by Rasmus Ristolainen.
3:24 of 1st period - Deflect By Sidney Crosby.
3:24 of 1st period - Shot Blocked by Erik Gudbranson.
3:24 of 1st period - Puck is out of play.
3:25 of 1st period - Brandon Sutter wins face-off versus Boyd Gordon in MapleLeafs zone.
3:30 of 1st period - Slapshot by Bobby Ryan.
3:30 of 1st period - Deflect By Patrick Sharp.
3:30 of 1st period - Stopped by Ondrej Pavelec with a rebound.
4:00 of 1st period - Wrist shot by Bobby Ryan.
4:00 of 1st period - Stopped by Ondrej Pavelec with a rebound.
4:09 of 1st period - Icing by Brooks Orpik.
4:10 of 1st period - Boyd Gordon wins face-off versus Mikko Koivu in Sabres zone.
4:37 of 1st period - Matt Bartkowski is hit by James Neal and loses puck.
4:52 of 1st period - Snap shot by Steven Stamkos.
4:52 of 1st period - Goal by Steven Stamkos - MapleLeafs : 0 - Sabres : 1.
4:53 of 1st period - Sidney Crosby wins face-off versus Dainius Zubrus in neutral zone.
6:42 of 1st period - Snap shot by Chris Higgins.
6:42 of 1st period - Shot Misses the Net.
6:49 of 1st period - Icing by Drew Doughty.
6:50 of 1st period - Boyd Gordon wins face-off versus Brandon Sutter in MapleLeafs zone.
6:56 of 1st period - Double Minor Penalty to Drew Doughty for Roughing.
6:57 of 1st period - Sidney Crosby wins face-off versus Brandon Sutter in MapleLeafs zone.
7:25 of 1st period - Snap shot by Sidney Crosby.
7:25 of 1st period - Shot Misses the Net.
9:29 of 1st period - Alex Pietrangelo is hit by Marc-Edouard Vlasic and loses puck.
9:42 of 1st period - Alex Pietrangelo is hit by Marc-Edouard Vlasic and loses puck.
10:38 of 1st period - Dainius Zubrus is hit by Rasmus Ristolainen and loses puck.
10:56 of 1st period - Penalty to Drew Doughty is over, Drew Doughty is back on ice.
11:21 of 1st period - Snap shot by Dwight King.
11:21 of 1st period - Stopped by Cory Schneider with a rebound.
11:39 of 1st period - Slapshot by Matt Stajan.
11:39 of 1st period - Shot Misses the Net.
12:03 of 1st period - Slapshot by James Neal.
12:03 of 1st period - Shot Blocked by Alex Pietrangelo.
12:05 of 1st period - Slapshot by Drew Doughty.
12:05 of 1st period - Shot Hit the Post.
12:17 of 1st period - Marc-Edouard Vlasic is hit by Pierre-Alexandre Parenteau and loses puck.
12:30 of 1st period - Wrist shot by Chris Higgins.
12:30 of 1st period - Shot Misses the Net.
13:42 of 1st period - Slapshot by Sidney Crosby.
13:42 of 1st period - Shot Misses the Net.
13:44 of 1st period - Snap shot by Alec Martinez.
13:44 of 1st period - Deflect By Dominic Moore.
13:44 of 1st period - Stopped by Cory Schneider with a rebound.
13:46 of 1st period - Wrist shot by Sidney Crosby.
13:46 of 1st period - Stopped by Cory Schneider with a rebound.
13:48 of 1st period - Snap shot by Alec Martinez.
13:48 of 1st period - Shot Blocked by Justin Williams.
14:08 of 1st period - Wrist shot by Jeff Skinner.
14:08 of 1st period - Shot Blocked by Matt Stajan.
14:10 of 1st period - Snap shot by Shawn Matthias.
14:10 of 1st period - Shot Misses the Net.
14:12 of 1st period - Slapshot by Dan Girardi.
14:12 of 1st period - Shot Misses the Net.
14:14 of 1st period - Wrist shot by Shawn Matthias.
14:14 of 1st period - Stopped by Ondrej Pavelec with a rebound.
14:16 of 1st period - Slapshot by Dan Girardi.
14:16 of 1st period - Shot Blocked by Dwight King.
14:22 of 1st period - Minor Penalty to Matt Bartkowski for Hooking.
14:23 of 1st period - Boyd Gordon wins face-off versus Mikko Koivu in Sabres zone.
15:51 of 1st period - Vernon Fiddler is hit by Bobby Ryan.
16:22 of 1st period - Penalty to Matt Bartkowski is over, Matt Bartkowski is back on ice.
16:23 of 1st period - Boyd Gordon is hit by James Neal.
16:49 of 1st period - Slapshot by Drew Doughty.
16:49 of 1st period - Shot Blocked by Jay Bouwmeester.
16:51 of 1st period - Slapshot by Dainius Zubrus.
16:51 of 1st period - Shot Misses the Net.
16:55 of 1st period - Wrist shot by Justin Williams.
16:55 of 1st period - Stopped by Ondrej Pavelec with a rebound.
17:24 of 1st period - Gustav Nyquist is hit by Brandon Prust and loses puck.
17:37 of 1st period - Snap shot by Jeff Skinner.
17:37 of 1st period - Shot Blocked by Rasmus Ristolainen.
17:41 of 1st period - Wrist shot by Jeff Skinner.
17:41 of 1st period - Stopped by Ondrej Pavelec with a rebound.
18:53 of 1st period - Snap shot by Jeff Skinner.
18:53 of 1st period - Deflect By Shawn Matthias.
18:53 of 1st period - Shot Misses the Net.
18:53 of 1st period - Puck is out of play.
18:54 of 1st period - Vernon Fiddler wins face-off versus Shawn Matthias in Sabres zone.
18:54 of 1st period - Vernon Fiddler is hit by Shawn Matthias.
19:00 of 1st period - Snap shot by Pierre-Alexandre Parenteau.
19:00 of 1st period - Stopped by Cory Schneider with a rebound.
19:02 of 1st period - Slapshot by Alec Martinez.
19:02 of 1st period - Stopped by Cory Schneider without a rebound.
19:03 of 1st period - Shawn Matthias wins face-off versus Vernon Fiddler in MapleLeafs zone.
19:12 of 1st period - Wrist shot by Jeff Skinner.
19:12 of 1st period - Deflect By Brandon Prust.
19:12 of 1st period - Shot Misses the Net.
19:12 of 1st period - Puck is out of play.
19:13 of 1st period - Mikko Koivu wins face-off versus Chris Higgins in Sabres zone.
19:16 of 1st period - Snap shot by Mikko Koivu.
19:16 of 1st period - Shot Misses the Net.
Goals for this period are 0 for MapleLeafs vs 1 for Sabres.
Shots for this period are 5 for MapleLeafs vs 12 for Sabres.

2nd period


0:01 of 2nd period - Ryan Kesler wins face-off versus Mikko Koivu in neutral zone.
0:20 of 2nd period - Slapshot by Ryan Kesler.
0:20 of 2nd period - Stopped by Cory Schneider with a rebound.
0:22 of 2nd period - Slapshot by Brooks Orpik.
0:22 of 2nd period - Shot Misses the Net.
0:24 of 2nd period - Slapshot by Ryan Kesler.
0:24 of 2nd period - Stopped by Cory Schneider with a rebound.
0:26 of 2nd period - Snap shot by Brooks Orpik.
0:26 of 2nd period - Stopped by Cory Schneider with a rebound.
0:50 of 2nd period - Minor Penalty to David Perron for Tripping.
0:51 of 2nd period - Vernon Fiddler wins face-off versus Patrick Sharp in Sabres zone.
1:46 of 2nd period - Slapshot by Vernon Fiddler.
1:46 of 2nd period - Shot Blocked by Mikko Koivu.
2:07 of 2nd period - Slapshot by Alex Pietrangelo.
2:07 of 2nd period - Stopped by Cory Schneider with a rebound.
2:09 of 2nd period - Slapshot by Alex Pietrangelo.
2:09 of 2nd period - Stopped by Cory Schneider with a rebound.
2:11 of 2nd period - Backhand shot by Brooks Orpik.
2:11 of 2nd period - Stopped by Cory Schneider with a rebound.
2:13 of 2nd period - Slapshot by Alex Pietrangelo.
2:13 of 2nd period - Shot Misses the Net.
2:17 of 2nd period - Snap shot by Chris Higgins.
2:17 of 2nd period - Goal by Chris Higgins - MapleLeafs : 0 - Sabres : 2.
2:18 of 2nd period - Patrick Sharp wins face-off versus Vernon Fiddler in neutral zone.
2:50 of 2nd period - Penalty to David Perron is over, David Perron is back on ice.
3:33 of 2nd period - Icing by Morgan Rielly.
3:34 of 2nd period - Dainius Zubrus wins face-off versus Gustav Nyquist in MapleLeafs zone.
3:49 of 2nd period - Snap shot by Steven Stamkos.
3:49 of 2nd period - Stopped by Cory Schneider without a rebound.
3:50 of 2nd period - Ryan Kesler wins face-off versus Mikko Koivu in MapleLeafs zone.
4:03 of 2nd period - Snap shot by Steven Stamkos.
4:03 of 2nd period - Stopped by Cory Schneider without a rebound.
4:04 of 2nd period - Sidney Crosby wins face-off versus Mikko Koivu in MapleLeafs zone.
5:09 of 2nd period - Slapshot by Patrick Sharp.
5:09 of 2nd period - Stopped by Ondrej Pavelec without a rebound.
5:10 of 2nd period - Vernon Fiddler wins face-off versus Brandon Sutter in Sabres zone.
5:21 of 2nd period - Pierre-Alexandre Parenteau is hit by Patrick Sharp and loses puck.
6:02 of 2nd period - Justin Williams is hit by Matt Stajan.
6:25 of 2nd period - Wrist shot by Alec Martinez.
6:25 of 2nd period - Shot Misses the Net.
6:27 of 2nd period - Slapshot by Matt Bartkowski.
6:27 of 2nd period - Stopped by Cory Schneider with a rebound.
6:39 of 2nd period - Ryan Kesler is hit by Marc-Edouard Vlasic and loses puck.
6:47 of 2nd period - Slapshot by Alec Martinez.
6:47 of 2nd period - Deflect By Marc-Edouard Vlasic.
6:47 of 2nd period - Stopped by Cory Schneider without a rebound.
6:48 of 2nd period - Ryan Kesler wins face-off versus Mikko Koivu in MapleLeafs zone.
6:49 of 2nd period - Snap shot by Gustav Nyquist.
6:49 of 2nd period - Shot Blocked by Dan Girardi.
6:51 of 2nd period - Slapshot by Rasmus Ristolainen.
6:51 of 2nd period - Stopped by Cory Schneider with a rebound.
6:57 of 2nd period - Snap shot by Steven Stamkos.
6:57 of 2nd period - Shot Blocked by Mikko Koivu.
7:39 of 2nd period - Wrist shot by Jeff Skinner.
7:39 of 2nd period - Shot Misses the Net.
7:41 of 2nd period - Slapshot by Erik Gudbranson.
7:41 of 2nd period - Shot Blocked by Jay Bouwmeester.
7:43 of 2nd period - Slapshot by Erik Gudbranson.
7:43 of 2nd period - Stopped by Ondrej Pavelec with a rebound.
7:45 of 2nd period - Slapshot by Erik Gudbranson.
7:45 of 2nd period - Shot Blocked by Jay Bouwmeester.
7:47 of 2nd period - Snap shot by Shawn Matthias.
7:47 of 2nd period - Stopped by Ondrej Pavelec with a rebound.
7:49 of 2nd period - Wrist shot by Morgan Rielly.
7:49 of 2nd period - Deflect By Jeff Skinner.
7:49 of 2nd period - Stopped by Ondrej Pavelec with a rebound.
7:51 of 2nd period - Slapshot by Morgan Rielly.
7:51 of 2nd period - Shot Misses the Net.
7:53 of 2nd period - Snap shot by Shawn Matthias.
7:53 of 2nd period - Stopped by Ondrej Pavelec with a rebound.
7:55 of 2nd period - Slapshot by Erik Gudbranson.
7:55 of 2nd period - Shot Blocked by Jay Bouwmeester.
8:05 of 2nd period - Slapshot by Shawn Matthias.
8:05 of 2nd period - Stopped by Ondrej Pavelec without a rebound.
8:06 of 2nd period - Vernon Fiddler wins face-off versus Brandon Sutter in Sabres zone.
8:58 of 2nd period - Dan Girardi is hit by Pierre-Alexandre Parenteau.
9:12 of 2nd period - Snap shot by James van Riemsdyk.
9:12 of 2nd period - Deflect By Mikko Koivu.
9:12 of 2nd period - Shot Blocked by Alex Pietrangelo.
9:12 of 2nd period - Puck is out of play.
9:13 of 2nd period - Dainius Zubrus wins face-off versus Ryan Kesler in Sabres zone.
9:16 of 2nd period - Snap shot by Justin Williams.
9:16 of 2nd period - Shot Blocked by Alec Martinez.
9:25 of 2nd period - Minor Penalty to Steven Stamkos for Goalie Interference.
9:26 of 2nd period - Boyd Gordon wins face-off versus Mikko Koivu in Sabres zone.
9:50 of 2nd period - James Neal is hit by Alec Martinez and loses puck.
10:17 of 2nd period - Bobby Ryan is hit by Alec Martinez and loses puck.
11:01 of 2nd period - Off-side.
11:02 of 2nd period - Mikko Koivu wins face-off versus Boyd Gordon in neutral zone.
11:25 of 2nd period - Penalty to Steven Stamkos is over, Steven Stamkos is back on ice.
11:47 of 2nd period - Slapshot by Justin Williams.
11:47 of 2nd period - Shot Misses the Net.
11:49 of 2nd period - Wrist shot by Morgan Rielly.
11:49 of 2nd period - Deflect By Justin Williams.
11:49 of 2nd period - Goal by Justin Williams - MapleLeafs : 1 - Sabres : 2.
11:50 of 2nd period - Sidney Crosby wins face-off versus Dainius Zubrus in neutral zone.
12:10 of 2nd period - Snap shot by Dainius Zubrus.
12:10 of 2nd period - Stopped by Ondrej Pavelec with a rebound.
12:12 of 2nd period - Wrist shot by Dominic Moore.
12:12 of 2nd period - Stopped by Ondrej Pavelec with a rebound.
12:14 of 2nd period - Wrist shot by Dainius Zubrus.
12:14 of 2nd period - Shot Blocked by Rasmus Ristolainen.
12:16 of 2nd period - Slapshot by Dominic Moore.
12:16 of 2nd period - Stopped by Ondrej Pavelec without a rebound.
12:17 of 2nd period - Ryan Kesler wins face-off versus Mikko Koivu in Sabres zone.
12:26 of 2nd period - Wrist shot by Steven Stamkos.
12:26 of 2nd period - Shot Misses the Net.
12:54 of 2nd period - James van Riemsdyk is hit by Gustav Nyquist and loses puck.
13:19 of 2nd period - Slapshot by Bobby Ryan.
13:19 of 2nd period - Shot Blocked by Brooks Orpik.
13:21 of 2nd period - Slapshot by Dan Girardi.
13:21 of 2nd period - Stopped by Ondrej Pavelec with a rebound.
14:12 of 2nd period - Backhand shot by Morgan Rielly.
14:12 of 2nd period - Deflect By Justin Williams.
14:12 of 2nd period - Shot Misses the Net.
14:12 of 2nd period - Puck is out of play.
14:13 of 2nd period - Vernon Fiddler wins face-off versus Shawn Matthias in Sabres zone.
16:16 of 2nd period - Slapshot by Gustav Nyquist.
16:16 of 2nd period - Stopped by Cory Schneider without a rebound.
16:17 of 2nd period - Dainius Zubrus wins face-off versus Boyd Gordon in MapleLeafs zone.
16:56 of 2nd period - Drew Doughty is hit by Jay Bouwmeester and loses puck.
17:21 of 2nd period - Wrist shot by Mikko Koivu.
17:21 of 2nd period - Stopped by Ondrej Pavelec with a rebound.
17:25 of 2nd period - Slapshot by James van Riemsdyk.
17:25 of 2nd period - Shot Misses the Net.
17:27 of 2nd period - Wrist shot by Mikko Koivu.
17:27 of 2nd period - Goal by Mikko Koivu - MapleLeafs : 2 - Sabres : 2.
17:28 of 2nd period - Sidney Crosby wins face-off versus Mikko Koivu in neutral zone.
17:48 of 2nd period - Wrist shot by Sidney Crosby.
17:48 of 2nd period - Stopped by Cory Schneider with a rebound.
17:50 of 2nd period - Slapshot by Alex Pietrangelo.
17:50 of 2nd period - Deflect By Mikko Koivu.
17:50 of 2nd period - Stopped by Cory Schneider with a rebound.
17:52 of 2nd period - Snap shot by Alex Pietrangelo.
17:52 of 2nd period - Shot Misses the Net.
18:04 of 2nd period - Snap shot by Sidney Crosby.
18:04 of 2nd period - Stopped by Cory Schneider with a rebound.
18:06 of 2nd period - Slapshot by Alex Pietrangelo.
18:06 of 2nd period - Deflect By Sidney Crosby.
18:06 of 2nd period - Stopped by Cory Schneider without a rebound.
18:07 of 2nd period - Ryan Kesler wins face-off versus Brandon Sutter in MapleLeafs zone.
18:20 of 2nd period - Slapshot by Ryan Kesler.
18:20 of 2nd period - Shot Misses the Net.
18:26 of 2nd period - Gustav Nyquist is hit by Dan Girardi and loses puck.
18:51 of 2nd period - Minor Penalty to Matt Bartkowski for Holding.
18:52 of 2nd period - Boyd Gordon wins face-off versus Mikko Koivu in Sabres zone.
19:28 of 2nd period - James Neal is hit by Brooks Orpik and loses puck.
19:51 of 2nd period - Snap shot by Chris Higgins.
19:51 of 2nd period - Deflect By Bobby Ryan.
19:51 of 2nd period - Shot Misses the Net.
19:51 of 2nd period - Puck is out of play.
19:52 of 2nd period - Brandon Sutter wins face-off versus Chris Higgins in MapleLeafs zone.
Goals for this period are 2 for MapleLeafs vs 1 for Sabres.
Shots for this period are 13 for MapleLeafs vs 17 for Sabres.

3rd period


0:01 of 3rd period - Mikko Koivu wins face-off versus Boyd Gordon in neutral zone.
0:19 of 3rd period - Wrist shot by James Neal.
0:19 of 3rd period - Shot Blocked by Brooks Orpik.
0:51 of 3rd period - Penalty to Matt Bartkowski is over, Matt Bartkowski is back on ice.
1:08 of 3rd period - Slapshot by Chris Higgins.
1:08 of 3rd period - Stopped by Cory Schneider without a rebound.
1:09 of 3rd period - Dainius Zubrus wins face-off versus Sidney Crosby in MapleLeafs zone.
1:09 of 3rd period - Dainius Zubrus is hit by David Perron.
1:20 of 3rd period - Snap shot by Dominic Moore.
1:20 of 3rd period - Shot Misses the Net.
1:29 of 3rd period - Off-side.
1:30 of 3rd period - Shawn Matthias wins face-off versus Ryan Kesler in neutral zone.
1:37 of 3rd period - Snap shot by Steven Stamkos.
1:37 of 3rd period - Goal by Steven Stamkos - MapleLeafs : 2 - Sabres : 3.
1:38 of 3rd period - Mikko Koivu wins face-off versus Sidney Crosby in neutral zone.
1:45 of 3rd period - Icing by Alex Pietrangelo.
1:46 of 3rd period - Sidney Crosby wins face-off versus Mikko Koivu in Sabres zone.
2:09 of 3rd period - Wrist shot by Sidney Crosby.
2:09 of 3rd period - Deflect By Benoit Pouliot.
2:09 of 3rd period - Goal by Benoit Pouliot - MapleLeafs : 2 - Sabres : 4.
2:10 of 3rd period - Ryan Kesler wins face-off versus Mikko Koivu in neutral zone.
2:17 of 3rd period - Snap shot by Gustav Nyquist.
2:17 of 3rd period - Stopped by Cory Schneider without a rebound.
2:18 of 3rd period - Mikko Koivu wins face-off versus Ryan Kesler in MapleLeafs zone.
2:18 of 3rd period - Mikko Koivu is hit by Rasmus Ristolainen.
2:21 of 3rd period - Minor Penalty to James Neal for Hooking.
2:22 of 3rd period - Brandon Sutter wins face-off versus Sidney Crosby in MapleLeafs zone.
2:32 of 3rd period - Snap shot by Sidney Crosby.
2:32 of 3rd period - Goal by Sidney Crosby - MapleLeafs : 2 - Sabres : 5.
2:33 of 3rd period - Mikko Koivu wins face-off versus Ryan Kesler in neutral zone.
2:33 of 3rd period - Minor Penalty to James Neal for Slashing.
2:34 of 3rd period - Sidney Crosby wins face-off versus Brandon Sutter in MapleLeafs zone.
2:41 of 3rd period - Backhand shot by Steven Stamkos.
2:41 of 3rd period - Shot Misses the Net.
2:43 of 3rd period - Wrist shot by Sidney Crosby.
2:43 of 3rd period - Shot Misses the Net.
2:45 of 3rd period - Wrist shot by Alex Pietrangelo.
2:45 of 3rd period - Stopped by Cory Schneider without a rebound.
2:46 of 3rd period - Brandon Sutter wins face-off versus Sidney Crosby in MapleLeafs zone.
2:53 of 3rd period - Minor Penalty to Steven Stamkos for Holding.
2:54 of 3rd period - Mikko Koivu wins face-off versus Sidney Crosby in Sabres zone.
2:59 of 3rd period - Slapshot by Drew Doughty.
2:59 of 3rd period - Shot Blocked by Alec Martinez.
3:47 of 3rd period - Mikko Koivu is hit by Alec Martinez and loses puck.
4:21 of 3rd period - Slapshot by Marc-Edouard Vlasic.
4:21 of 3rd period - Shot Misses the Net.
4:33 of 3rd period - Penalty to James Neal is over, James Neal is back on ice.
4:53 of 3rd period - Penalty to Steven Stamkos is over, Steven Stamkos is back on ice.
5:42 of 3rd period - Snap shot by Steven Stamkos.
5:42 of 3rd period - Shot Misses the Net.
5:44 of 3rd period - Wrist shot by Ryan Kesler.
5:44 of 3rd period - Stopped by Cory Schneider with a rebound.
5:46 of 3rd period - Slapshot by Matt Bartkowski.
5:46 of 3rd period - Stopped by Cory Schneider with a rebound.
6:00 of 3rd period - Snap shot by Pierre-Alexandre Parenteau.
6:00 of 3rd period - Stopped by Cory Schneider without a rebound.
6:01 of 3rd period - Brandon Sutter wins face-off versus Vernon Fiddler in MapleLeafs zone.
6:22 of 3rd period - Brandon Sutter is hit by Pierre-Alexandre Parenteau and loses puck.
6:51 of 3rd period - Backhand shot by Jeff Skinner.
6:51 of 3rd period - Stopped by Ondrej Pavelec without a rebound.
6:52 of 3rd period - Boyd Gordon wins face-off versus Shawn Matthias in Sabres zone.
7:58 of 3rd period - Slapshot by Bobby Ryan.
7:58 of 3rd period - Stopped by Ondrej Pavelec with a rebound.
8:08 of 3rd period - Snap shot by James van Riemsdyk.
8:08 of 3rd period - Stopped by Ondrej Pavelec with a rebound.
8:10 of 3rd period - Slapshot by James van Riemsdyk.
8:10 of 3rd period - Shot Misses the Net.
8:12 of 3rd period - Wrist shot by Morgan Rielly.
8:12 of 3rd period - Shot Misses the Net.
8:14 of 3rd period - Snap shot by Mikko Koivu.
8:14 of 3rd period - Shot Misses the Net.
8:16 of 3rd period - Snap shot by James van Riemsdyk.
8:16 of 3rd period - Shot Misses the Net.
8:18 of 3rd period - Slapshot by Erik Gudbranson.
8:18 of 3rd period - Shot Blocked by Jay Bouwmeester.
8:20 of 3rd period - Wrist shot by Mikko Koivu.
8:20 of 3rd period - Stopped by Ondrej Pavelec without a rebound.
8:21 of 3rd period - Sidney Crosby wins face-off versus James Neal in Sabres zone.
8:57 of 3rd period - Snap shot by Sidney Crosby.
8:57 of 3rd period - Shot Blocked by Dan Girardi.
8:59 of 3rd period - Wrist shot by David Perron.
8:59 of 3rd period - Shot Misses the Net.
9:42 of 3rd period - Wrist shot by Patrick Sharp.
9:42 of 3rd period - Deflect By Chris Higgins.
9:42 of 3rd period - Shot Misses the Net.
9:42 of 3rd period - Puck is out of play.
9:43 of 3rd period - Shawn Matthias wins face-off versus Boyd Gordon in Sabres zone.
9:46 of 3rd period - Wrist shot by Jeff Skinner.
9:46 of 3rd period - Stopped by Ondrej Pavelec with a rebound.
9:59 of 3rd period - Icing by Boyd Gordon.
10:00 of 3rd period - Shawn Matthias wins face-off versus Boyd Gordon in Sabres zone.
10:01 of 3rd period - Wrist shot by Jeff Skinner.
10:01 of 3rd period - Shot Blocked by Alex Pietrangelo.
10:58 of 3rd period - Minor Penalty to Dan Girardi for Kneeing.
10:59 of 3rd period - Sidney Crosby wins face-off versus Brandon Sutter in MapleLeafs zone.
12:46 of 3rd period - Icing by Alex Pietrangelo.
12:47 of 3rd period - Sidney Crosby wins face-off versus Justin Williams in Sabres zone.
12:58 of 3rd period - Penalty to Dan Girardi is over, Dan Girardi is back on ice.
13:38 of 3rd period - Snap shot by Chris Higgins.
13:38 of 3rd period - Shot Misses the Net.
13:40 of 3rd period - Snap shot by Chris Higgins.
13:40 of 3rd period - Shot Blocked by Erik Gudbranson.
13:42 of 3rd period - Snap shot by Alec Martinez.
13:42 of 3rd period - Deflect By Pierre-Alexandre Parenteau.
13:42 of 3rd period - Shot Blocked by Drew Doughty.
13:42 of 3rd period - Puck is out of play.
13:43 of 3rd period - Mikko Koivu wins face-off versus Boyd Gordon in MapleLeafs zone.
13:58 of 3rd period - Wrist shot by Dwight King.
13:58 of 3rd period - Shot Misses the Net.
14:08 of 3rd period - Boyd Gordon is hit by James van Riemsdyk and loses puck.
14:59 of 3rd period - Brandon Prust is hit by Matt Bartkowski and loses puck.
15:36 of 3rd period - Wrist shot by Steven Stamkos.
15:36 of 3rd period - Shot Blocked by Drew Doughty.
16:05 of 3rd period - Karl Alzner is hit by David Perron and loses puck.
16:46 of 3rd period - Wrist shot by Mikko Koivu.
16:46 of 3rd period - Stopped by Ondrej Pavelec without a rebound.
16:47 of 3rd period - Mikko Koivu wins face-off versus Vernon Fiddler in Sabres zone.
16:50 of 3rd period - Snap shot by James Neal.
16:50 of 3rd period - Shot Misses the Net.
16:52 of 3rd period - Snap shot by Mikko Koivu.
16:52 of 3rd period - Stopped by Ondrej Pavelec without a rebound.
16:53 of 3rd period - Vernon Fiddler wins face-off versus Mikko Koivu in Sabres zone.
17:14 of 3rd period - Snap shot by James van Riemsdyk.
17:14 of 3rd period - Shot Blocked by Jay Bouwmeester.
17:16 of 3rd period - Wrist shot by James van Riemsdyk.
17:16 of 3rd period - Shot Misses the Net.
17:34 of 3rd period - Snap shot by Patrick Sharp.
17:34 of 3rd period - Stopped by Ondrej Pavelec with a rebound.
17:36 of 3rd period - Snap shot by Brandon Sutter.
17:36 of 3rd period - Stopped by Ondrej Pavelec without a rebound.
17:37 of 3rd period - Ryan Kesler wins face-off versus Brandon Sutter in Sabres zone.
18:25 of 3rd period - Drew Doughty is hit by David Perron and loses puck.
18:46 of 3rd period - Alex Pietrangelo is hit by Dan Girardi and loses puck.
19:09 of 3rd period - Mikko Koivu is hit by Sidney Crosby and loses puck.
Goals for this period are 0 for MapleLeafs vs 3 for Sabres.
Shots for this period are 9 for MapleLeafs vs 9 for Sabres.